[Event "Titled Tuesday Blitz January 17 Late 2023"]
[White "Sadhwani, Raunak"]
[Black "Rasulov, Vugar"]
[WhiteFideId "35093487"]
[BlackFideId "13402390"]
[WhiteElo "2627"]
[BlackElo "2523"]
[Result "0-1"]
[Round "09"]
[TimeControl "180+2"]
[Date "2023.01.17"]
[WhiteClock "0:00:04"]
[BlackClock "0:00:05"]

1. c4 Nf6 2. Nc3 e6 3. Nf3 d5 4. d4 c5 5. cxd5 exd5 6. g3 Nc6 7. Bg2 Be7 8. O-O O-O 9. Bf4 Bg4 10. dxc5 d4 11. Na4 Nd5 12. Bd2 Bf6 13. h3 Bf5 14. Qb3 Rb8 15. Rfd1 Re8 16. e3 Be6 17. Qa3 dxe3 18. Bxe3 Qe7 19. Bd4 Rbd8 20. Bxf6 Qxf6 21. Rd2 Ndb4 22. Rad1 Nxa2 23. Rd6 Nab4 24. Qe3 h6 25. Nc3 a5 26. R1d2 Qg6 27. Kh2 Qf6 28. Ne4 Qe7 29. Nc3 Rxd6 30. cxd6 Qd7 31. Qf4 f6 32. Ne4 Nd5 33. Qh4 b6 34. Nd4 Nxd4 35. Rxd4 Bf7 36. Bf3 Re5 37. Kg2 h5 38. Kh2 Kf8 39. g4 g5 40. Qg3 h4 41. Qg1 Kg7 42. Qc1 Rxe4 43. Bxe4 Qxd6+ 44. Kg1 Qe5 45. Qd2 Nf4 46. Bg2 Qxd4 0-1


[Site "https://www.chess.com"]

[Event "Titled Tuesday Blitz January 17 Late 2023"]
[White "Eljanov, Pavel"]
[Black "Bortnyk, Mykola"]
[WhiteFideId "14102951"]
[BlackFideId "14120836"]
[WhiteElo "2705"]
[BlackElo "2425"]
[Result "1/2-1/2"]
[Round "09"]
[TimeControl "180+2"]
[Date "2023.01.17"]
[WhiteClock "0:00:04"]
[BlackClock "0:00:06"]

1. d4 g6 2. c4 Bg7 3. e4 c5 4. d5 d6 5. Nc3 f5 6. Nge2 Nf6 7. exf5 Bxf5 8. Ng3 Bc8 9. Bd3 Nbd7 10. O-O Ne5 11. Be2 Nf7 12. Re1 O-O 13. Bd3 Ne5 14. Bf1 Rb8 15. a4 Kh8 16. Ra3 b6 17. Nce4 Bg4 18. Be2 Bd7 19. h3 e6 20. Ng5 exd5 21. cxd5 Qc8 22. Re3 Qb7 23. Ne6 Nxd5 24. Nxf8 Nxe3 25. Bxe3 Bxf8 26. f4 Nf7 27. f5 Re8 28. Bf3 Bc6 29. Bd4+ Ne5 30. Bxe5+ dxe5 31. fxg6 hxg6 32. Be4 Bxe4 33. Nxe4 Kg7 34. Qg4 Be7 35. h4 Qc8 36. Qg3 Qf5 37. Nc3 Bf6 38. Ne4 Be7 39. Nc3 Qf6 40. Nd5 Qxh4 41. Qxe5+ Bf6 42. Qxe8 Bd4+ 43. Re3 Qe1+ 44. Kh2 Bxe3 45. Qxe3 Qh4+ 46. Kg1 Qxa4 47. Qe5+ Kh6 48. Qh8+ Kg5 49. Qf6+ Kh6 50. Qf8+ Kg5 51. Qd8+ Kf5 52. Qf8+ Ke5 53. Nc3 Qa1+ 54. Kh2 Qxb2 55. Qg7+ Ke6 56. Qxg6+ Kd7 57. Qg7+ Ke6 58. Qg6+ Kd7 59. Qf7+ Kd6 60. Qf6+ Kd7 61. Qf7+ Kd6 62. Ne4+ Kc6 63. Qe8+ Kb7 64. Qd7+ Ka6 65. Qa4+ Kb7 66. Nd6+ Kc7 67. Qf4 Qh8+ 68. Kg1 Qd4+ 69. Qxd4 cxd4 70. Nb5+ Kc6 71. Nxd4+ Kc5 72. Nb3+ Kc4 73. g4 Kd5 74. Kf2 a5 75. Ke3 a4 76. Nc1 b5 77. Kd3 b4 78. Na2 Ke5 79. Nxb4 Kf4 80. Kc2 Kxg4 81. Kb2 Kf5 82. Ka3 Kf6 83. Kxa4 1/2-1/2


[Site "https://www.chess.com"]

[Event "Titled Tuesday Blitz January 17 Late 2023"]
[White "Sarana, Alexey"]
[Black "Zakhartsov, Vladimir"]
[WhiteFideId "24133795"]
[BlackFideId "4145097"]
[WhiteElo "2685"]
[BlackElo "2552"]
[Result "1-0"]
[Round "09"]
[TimeControl "180+2"]
[Date "2023.01.17"]
[WhiteClock "0:00:08"]
[BlackClock "0:00:06"]

1. c4 e5 2. Nc3 Nf6 3. Nf3 Nc6 4. g3 Bb4 5. Nd5 e4 6. Nh4 O-O 7. Bg2 Re8 8. O-O Bc5 9. e3 d6 10. f3 Nxd5 11. cxd5 exf3 12. Nxf3 Ne7 13. d4 Bb6 14. Ng5 Bf5 15. Nxf7 Qd7 16. Ng5 h6 17. e4 Bg4 18. Nf3 Ng6 19. Qd3 Bxf3 20. Bxf3 Ne5 21. Qc2 Bxd4+ 22. Kg2 Rf8 23. Bf4 Ng6 24. Bd2 Qb5 25. Rae1 Qxb2 26. Qxb2 Bxb2 27. Rb1 Bd4 28. a4 a5 29. Bg4 b6 30. Be6+ Kh8 31. h4 Ne5 32. g4 Bc5 33. g5 Kh7 34. Bf5+ g6 35. Be6 hxg5 36. hxg5 Kg7 37. Bc3 Rxf1 38. Rxf1 Rf8 39. Bxe5+ dxe5 40. Rh1 Be3 41. Rd1 Bxg5 42. Rd3 Be7 43. Rc3 Bd6 44. Rg3 Rf4 45. Bf5 Kf7 46. Rxg6 Ke7 47. Rh6 Kf7 48. Rh7+ Kf6 49. Rh6+ Kg5 50. Rg6+ Kh5 51. Rg8 Kh6 52. Rg6+ Kh5 53. Rg7 Kh6 54. Rg8 Kh5 55. Rg6 Kh4 56. Rg8 Bc5 57. Re8 Rf2+ 58. Kh1 Kg3 59. Rg8+ Kf4 60. Rg4+ Ke3 61. Rg7 Bd6 62. Rg4 Kd4 63. Kg1 Ra2 64. Bd7 Re2 65. Bf5 Bc5 66. Kf1 Ra2 67. Bd7 Ke3 68. Rh4 Kf3 69. Rh3+ Kxe4 70. Bc6 Kd4 71. Rh4+ Ke3 72. Rh3+ Kf4 73. Rh4+ Kg3 74. Re4 Bd4 75. Ke1 Rc2 76. Kd1 Rc3 77. Kd2 Kf3 78. Rh4 Rc5 79. Kd3 Kg3 80. Re4 Rc3+ 81. Kd2 Rf3 82. Ke2 Rf2+ 83. Kd3 Rf3+ 84. Ke2 Rf4 85. Kd3 Kg4 86. Re2 Rf3+ 87. Ke4 Rf4+ 88. Kd3 Kf5 89. Bd7+ Kf6 90. Rg2 Ke7 91. Bc6 Kd6 92. Kc4 Bf2+ 93. Kb5 e4 94. Rg6+ Ke5 95. Rg7 Kd6 96. Rd7+ Ke5 97. Rxc7 e3 98. Re7+ Kd4 99. d6 Rf8 100. d7 Rd8 101. Re8 Bh4 102. Re4+ Kc3 103. Rxe3+ Kd2 104. Re4 Bf2 105. Re8 Bh4 106. Kxb6 Kc3 107. Kc7 Kb4 108. Rxd8 Bg3+ 109. Kb7 Bh4 110. Rc8 Bg3 111. Bb5 Bh4 112. d8=Q Kb3 113. Qd3+ Ka2 114. Rc2+ Ka1 115. Qd1# 1-0


[Site "https://www.chess.com"]

[Event "Titled Tuesday Blitz January 17 Late 2023"]
[White "Tari, Aryan"]
[Black "Martinez Alcantara, Jose Eduardo"]
[WhiteFideId "1510045"]
[BlackFideId "3805662"]
[WhiteElo "2642"]
[BlackElo "2619"]
[Result "0-1"]
[Round "09"]
[TimeControl "180+2"]
[Date "2023.01.17"]
[WhiteClock "0:00:01"]
[BlackClock "0:00:08"]

1. e4 c5 2. Nc3 Nc6 3. f4 e6 4. Nf3 d5 5. Bb5 Nf6 6. e5 Ng8 7. Bxc6+ bxc6 8. d3 Nh6 9. O-O Nf5 10. Qe1 Ba6 11. b3 c4 12. bxc4 dxc4 13. Qe4 Rc8 14. d4 Qa5 15. Bd2 Bb4 16. Qe1 Bxc3 17. Bxc3 Qd5 18. Ng5 c5 19. dxc5 Bb7 20. Rf2 O-O 21. Rd1 Qc6 22. Nf3 Rfd8 23. Rfd2 Rxd2 24. Qxd2 Qxc5+ 25. Qf2 Qc6 26. Nd4 Nxd4 27. Rxd4 h6 28. h3 Qb6 29. Rd6 Qb1+ 30. Kh2 Be4 31. Rd7 Qxa2 32. Rxa7 Qxc2 33. Qxc2 Bxc2 34. Rd7 Bd3 35. Ba5 Rc5 36. Bc3 Rb5 37. g4 Rb3 38. Be1 Rb1 39. Ba5 Rb5 40. Bc3 g5 41. f5 exf5 42. Rd8+ Kh7 43. e6 fxe6 44. Rd7+ Kg8 45. gxf5 Bxf5 46. Rd8+ Kf7 47. Rd7+ Ke8 48. Rc7 Bd3 49. Bg7 h5 50. Bf6 g4 51. Re7+ Kf8 52. hxg4 hxg4 53. Rc7 Rf5 54. Be7+ Ke8 55. Bd6 Rf3 56. Kg1 Kd8 57. Rg7 Bf5 58. Be5 Rd3 59. Rc7 Rd1+ 60. Kf2 Rd5 61. Bf4 Rd4 62. Be5 Re4 63. Bd6 Ke8 64. Kg3 Rd4 65. Be5 Rd5 66. Bf4 e5 67. Bg5 Bd7 68. Rxc4 Kf7 69. Rc7 Kg6 70. Be3 Kf5 71. Kf2 Be6 72. Rc6 Rb5 73. Ke2 Rb2+ 74. Kf1 Bd5 75. Rc8 Rb1+ 76. Kf2 Rb2+ 77. Kg3 Rb3 78. Kf2 Ke4 79. Bg5 Rf3+ 80. Kg2 Kf5 81. Bh6 Rc3+ 82. Kf2 Rxc8 0-1


[Site "https://www.chess.com"]

[Event "Titled Tuesday Blitz January 17 Late 2023"]
[White "Paravyan, David"]
[Black "Zhigalko, Sergei"]
[WhiteFideId "4194985"]
[BlackFideId "13502956"]
[WhiteElo "2601"]
[BlackElo "2572"]
[Result "1-0"]
[Round "09"]
[TimeControl "180+2"]
[Date "2023.01.17"]
[WhiteClock "0:00:05"]
[BlackClock "0:00:01"]

1. d4 Nf6 2. c4 e6 3. Nf3 b6 4. a3 Ba6 5. Qc2 Bb7 6. Nc3 c5 7. dxc5 bxc5 8. Bf4 Qb6 9. e3 Be7 10. Be2 O-O 11. h3 h6 12. O-O d6 13. Rfd1 Rd8 14. b4 Nbd7 15. Rab1 cxb4 16. axb4 Rac8 17. c5 dxc5 18. bxc5 Qxc5 19. Rxb7 Qxc3 20. Qxc3 Rxc3 21. Rxa7 Nd5 22. Bg3 Rcc8 23. Rxd5 exd5 24. Bb5 Nc5 25. Rxe7 Ne4 26. Kh2 Nxg3 27. Kxg3 Rc2 28. Nd4 Rb2 29. Be2 Rd6 30. Re8+ Kh7 31. Bd3+ g6 32. Be2 Kg7 33. Bf3 h5 34. h4 Rd2 35. Re7 Kf8 36. Ra7 Kg8 37. Ra5 Rb6 38. Bxd5 Rbb2 39. Ra7 Rxf2 40. Bf3 Kf8 41. Nc6 Rf1 42. Ne5 Kg8 43. Nxf7 Rb5 44. Ng5 Re5 45. Kf4 Rf5+ 46. Kg3 Rc1 47. Ra6 Kg7 48. Be4 Rf6 49. Ra7+ Kf8 50. Nh7+ 1-0


[Site "https://www.chess.com"]

[Event "Titled Tuesday Blitz January 17 Late 2023"]
[White "Bluebaum, Matthias"]
[Black "Ibarra Jerez, Jose Carlos"]
[WhiteFideId "24651516"]
[BlackFideId "2226332"]
[WhiteElo "2669"]
[BlackElo "2563"]
[Result "0-1"]
[Round "09"]
[TimeControl "180+2"]
[Date "2023.01.17"]
[WhiteClock "0:00:19"]
[BlackClock "0:00:10"]

1. d4 d6 2. Nf3 g6 3. c4 Bg7 4. Nc3 e5 5. e4 exd4 6. Nxd4 Ne7 7. Be2 Nbc6 8. Be3 O-O 9. O-O f5 10. Qd2 f4 11. Nxc6 fxe3 12. Nxe7+ Qxe7 13. Qxe3 c6 14. Rad1 Be6 15. Kh1 b6 16. f4 Rae8 17. Qd3 Rd8 18. b3 Qh4 19. g3 Qe7 20. Bf3 Qf6 21. Ne2 c5 22. Rc1 Kh8 23. Nc3 a6 24. Nd5 Bxd5 25. exd5 Rfe8 26. Bg4 Qd4 27. Qxd4 Bxd4 28. Be6 b5 29. Kg2 Rf8 30. Rfd1 Bg7 31. Rc2 b4 32. Re2 a5 33. Re4 Bc3 34. Rf1 Rde8 35. g4 Re7 36. g5 a4 37. bxa4 Ra8 38. f5 gxf5 39. Rxf5 Bg7 40. Ref4 Rea7 41. Rf7 Rxa4 42. Rb7 Rxa2+ 43. Kh3 Be5 44. Rff7 R8a3+ 45. Kg4 Rg2+ 46. Kf5 Rf3+ 47. Ke4 Rxf7 48. Rxf7 Rxg5 49. h4 Rg3 50. h5 h6 51. Bf5 b3 52. Rb7 b2 53. Be6 Rg1 54. Rb8+ Kh7 55. Rb7+ Bg7 56. Bf5+ Kg8 57. Be6+ Kf8 58. Rb8+ Ke7 59. Rb7+ Kd8 60. Rd7+ Ke8 61. Rb7 b1=Q+ 62. Rxb1 Rxb1 63. Bf5 Rg1 64. Bg6+ Ke7 65. Kf5 Rg5+ 66. Kf4 Rxg6 67. hxg6 Kf6 68. Kg4 Kxg6 69. Kh4 Kf6 70. Kg4 Ke5 71. Kh5 Kd4 72. Kg6 Kxc4 73. Kxg7 Kxd5 74. Kxh6 c4 75. Kg6 c3 76. Kf7 c2 77. Kf8 c1=Q 78. Ke7 Qe3+ 79. Kd8 Qg5+ 80. Kd7 Qg7+ 81. Kc8 Kc6 82. Kb8 Qb7# 0-1


[Site "https://www.chess.com"]

[Event "Titled Tuesday Blitz January 17 Late 2023"]
[White "Chigaev, Maksim"]
[Black "Baskakov, Egor"]
[WhiteFideId "4108116"]
[BlackFideId "24197866"]
[WhiteElo "2628"]
[BlackElo "2215"]
[Result "1-0"]
[Round "09"]
[TimeControl "180+2"]
[Date "2023.01.17"]
[WhiteClock "0:00:03"]
[BlackClock "0:00:02"]

1. e4 c5 2. Nf3 Nf6 3. Nc3 d5 4. exd5 Nxd5 5. Bb5+ Bd7 6. Ne5 e6 7. Nxd7 Nxd7 8. Nxd5 exd5 9. O-O a6 10. Re1+ Be7 11. Bf1 O-O 12. d4 Bf6 13. Be3 Rc8 14. c3 Qb6 15. dxc5 Qxb2 16. Qxd5 Rfd8 17. Rab1 Qxc3 18. Rec1 Qa5 19. Rxb7 Ne5 20. Qb3 Ng4 21. Qxf7+ Kh8 22. c6 Nxe3 23. fxe3 Qd2 24. Rbb1 Qxe3+ 25. Kh1 Be5 26. Re1 Qg5 27. Rbd1 Rxd1 28. Rxd1 Qh6 29. g3 Bxg3 30. h3 Be5 31. Bg2 Qg5 32. Qd7 Rg8 33. Qg4 Qe3 34. Rf1 Bc7 35. h4 Qe5 36. Qh3 h6 37. Rd1 Rf8 38. a4 Rf4 39. Rf1 Qf6 40. Rxf4 Qxf4 41. h5 Qc1+ 42. Bf1 Qxc6+ 43. Qg2 Qd6 44. Qa8+ Bb8 45. Qg2 a5 46. Qh3 Qd5+ 47. Kg1 Ba7+ 48. Kh2 Qe5+ 49. Kh1 Qd5+ 50. Kh2 Bb8+ 51. Kg1 Qc5+ 52. Kh1 Qf8 53. Bd3 Be5 54. Qg4 Qa8+ 55. Be4 Qf8 56. Kg2 Qf4 57. Qc8+ 1-0


[Site "https://www.chess.com"]

[Event "Titled Tuesday Blitz January 17 Late 2023"]
[White "Urazayev, Arystanbek"]
[Black "Jobava, Baadur"]
[WhiteFideId "13709810"]
[BlackFideId "13601520"]
[WhiteElo "2460"]
[BlackElo "2578"]
[Result "1-0"]
[Round "09"]
[TimeControl "180+2"]
[Date "2023.01.17"]
[WhiteClock "0:00:08"]
[BlackClock "0:00:01"]

1. e4 d6 2. d4 Nf6 3. Nc3 e5 4. Nf3 Nbd7 5. Rg1 g6 6. g4 Bg7 7. g5 Nh5 8. Be3 O-O 9. Qd2 c6 10. O-O-O Qe7 11. dxe5 dxe5 12. Qd6 Qxd6 13. Rxd6 Re8 14. Bh3 Nb6 15. Bxc8 Raxc8 16. b3 Nf4 17. Rgd1 Bf8 18. R6d2 Ng2 19. Bxb6 axb6 20. Rd7 Rb8 21. Ne2 Bc5 22. Rc7 Ba3+ 23. Kb1 Red8 24. Rd3 Bd6 25. Rxd6 Rxd6 26. Nxe5 Rd2 27. Ng3 Rxf2 28. Nd7 Rd8 29. e5 Nf4 30. Ne4 Rxh2 31. Ndf6+ Kg7 32. Nd6 Rf8 33. Nfe8+ Kg8 34. Nf6+ Kg7 35. Nfe8+ Rxe8 36. Nxe8+ Kf8 37. Nf6 Kg7 38. Rc8 1-0


[Site "https://www.chess.com"]

[Event "Titled Tuesday Blitz January 17 Late 2023"]
[White "Fernandez Guillen, Ernesto J."]
[Black "Sanal, Vahap"]
[WhiteFideId "3512428"]
[BlackFideId "6300545"]
[WhiteElo "2477"]
[BlackElo "2600"]
[Result "0-1"]
[Round "09"]
[TimeControl "180+2"]
[Date "2023.01.17"]
[WhiteClock "0:00:17"]
[BlackClock "0:00:54"]

1. e4 c5 2. Nf3 e6 3. d4 cxd4 4. Nxd4 a6 5. Bd3 Nf6 6. Nc3 d6 7. f4 Be7 8. Be3 b5 9. g4 Bb7 10. g5 Nfd7 11. Nce2 Nc5 12. Ng3 Nc6 13. Qe2 Qa5+ 14. c3 Nxd4 15. Bxd4 e5 16. Bxc5 dxc5 17. Nf5 Bf8 18. fxe5 Qc7 19. Nd6+ Bxd6 20. exd6 Qxd6 21. O-O-O O-O-O 22. e5 Qe7 23. Rhf1 Kb8 24. a4 bxa4 25. Bxa6 Qxg5+ 26. Kb1 Qg6+ 27. Bd3 Rxd3 28. Rxd3 c4 29. Ka1 cxd3 30. Qe3 Rd8 31. Rd1 Qe4 32. Qb6 Rd7 33. Qb5 Qd5 34. Qb4 Qxe5 35. Qxa4 Rd6 36. Qb4 d2 37. c4 Ra6+ 38. Kb1 Qe4# 0-1


[Site "https://www.chess.com"]

[Event "Titled Tuesday Blitz January 17 Late 2023"]
[White "Oparin, Grigoriy"]
[Black "Tanenbaum, Zachary"]
[WhiteFideId "24125890"]
[BlackFideId "2060850"]
[WhiteElo "2667"]
[BlackElo "2261"]
[Result "1-0"]
[Round "09"]
[TimeControl "180+2"]
[Date "2023.01.17"]
[WhiteClock "0:00:17"]
[BlackClock "0:00:01"]

1. e4 e5 2. Nf3 Nc6 3. Bb5 a6 4. Ba4 d6 5. O-O Nf6 6. Re1 Be7 7. c3 O-O 8. h3 b5 9. Bc2 d5 10. exd5 Qxd5 11. d4 exd4 12. cxd4 Bf5 13. Nc3 Bxc2 14. Qxc2 Qd6 15. Bg5 Nb4 16. Qb3 Nbd5 17. Bxf6 Nxf6 18. a4 b4 19. Ne4 Nxe4 20. Rxe4 Bf6 21. Rc1 Rfe8 22. Rxe8+ Rxe8 23. Qc4 g6 24. Kf1 Re7 25. b3 h5 26. Qc6 Qf4 27. Rd1 Re6 28. Qc4 Qd6 29. Rc1 Re7 30. a5 Kg7 31. Qc6 Qf4 32. Rd1 Re6 33. Qc4 Qd6 34. h4 Re4 35. g3 Re7 36. Kg2 Rd7 37. Rd3 Re7 38. Re3 Rxe3 39. fxe3 Kg8 40. e4 Be7 41. e5 Qd7 42. Qxa6 Qf5 43. Qc4 Qb1 44. a6 Qa2+ 45. Kf1 Qa1+ 46. Ke2 Qa2+ 47. Nd2 g5 48. d5 gxh4 49. gxh4 Kf8 50. Kd3 Qa1 51. e6 fxe6 52. dxe6 Kg7 53. Qd4+ Qxd4+ 54. Kxd4 Bxh4 55. Ne4 1-0


[Site "https://www.chess.com"]

[Event "Titled Tuesday Blitz January 17 Late 2023"]
[White "Dominguez Perez, Leinier"]
[Black "Leiva, Gianmarco"]
[WhiteFideId "3503240"]
[BlackFideId "3804399"]
[WhiteElo "2739"]
[BlackElo "2392"]
[Result "1-0"]
[Round "09"]
[TimeControl "180+2"]
[Date "2023.01.17"]
[WhiteClock "0:00:51"]
[BlackClock "0:00:02"]

1. d4 Nf6 2. Nf3 d5 3. e3 e6 4. Bd3 Bd6 5. O-O O-O 6. b3 b6 7. c4 Bb7 8. cxd5 exd5 9. Ba3 Bxa3 10. Nxa3 a6 11. Nb1 Nbd7 12. Nc3 Qe7 13. Rc1 Rfe8 14. Qe2 Qd6 15. Qb2 Re7 16. Ne2 g6 17. Nf4 Ne4 18. Rfd1 f6 19. Qc2 c6 20. Nd2 Nxd2 21. Qxd2 Kg7 22. Qe2 a5 23. Qg4 Nf8 24. h4 Kh8 25. h5 g5 26. Ne2 h6 27. Ng3 Bc8 28. Bf5 Ne6 29. Qf3 Bd7 30. Rc2 Rc8 31. Rdc1 Kg8 32. Bg4 Ng7 33. Bxd7 Rxd7 34. Nf5 Nxf5 35. Qxf5 Qe7 36. Rxc6 Rxc6 37. Rxc6 Qf7 38. Rxf6 Qxh5 39. Qxd7 Qd1+ 40. Kh2 Qh5+ 41. Qh3 g4 42. Qxh5 1-0


[Site "https://www.chess.com"]

[Event "Titled Tuesday Blitz January 17 Late 2023"]
[White "Liang, Justin"]
[Black "Naroditsky, Daniel"]
[WhiteFideId "2099942"]
[BlackFideId "2026961"]
[WhiteElo "2052"]
[BlackElo "2618"]
[Result "0-1"]
[Round "09"]
[TimeControl "180+2"]
[Date "2023.01.17"]
[WhiteClock "0:00:54"]
[BlackClock "0:02:03"]

1. d4 Nf6 2. c4 g6 3. Nc3 Bg7 4. e4 d6 5. Nf3 O-O 6. Be2 e5 7. O-O exd4 8. Nxd4 Re8 9. f3 Nc6 10. Be3 Nh5 11. Qd2 Nxd4 12. Bxd4 Nf4 13. Rfd1 Bxd4+ 14. Qxd4 Nxe2+ 15. Nxe2 b6 16. b4 Bb7 17. Nc3 Qg5 18. Rac1 f5 19. exf5 Bxf3 20. Qd2 Re1+ 21. Rxe1 Qxd2 22. gxf3 gxf5 23. Nd5 Kh8 24. Kh1 Rg8 25. Rg1 Qf2 26. Rxg8+ Kxg8 27. Rg1+ Kf7 28. Rg3 Qf1+ 29. Rg1 Qxf3+ 30. Rg2 Qf1+ 0-1


[Site "https://www.chess.com"]

[Event "Titled Tuesday Blitz January 17 Late 2023"]
[White "Leitao, Rafael"]
[Black "Kamsky, Gata"]
[WhiteFideId "2101246"]
[BlackFideId "2000024"]
[WhiteElo "2592"]
[BlackElo "2665"]
[Result "0-1"]
[Round "09"]
[TimeControl "180+2"]
[Date "2023.01.17"]
[WhiteClock "0:00:04"]
[BlackClock "0:01:09"]

1. c4 Nf6 2. Nc3 g6 3. e4 d6 4. d4 Bg7 5. Nf3 O-O 6. Be2 c6 7. O-O a6 8. Qc2 b5 9. a3 bxc4 10. Bxc4 d5 11. Bd3 dxe4 12. Nxe4 Nxe4 13. Bxe4 Be6 14. Be3 Bd5 15. Ne5 e6 16. Rac1 a5 17. Rfe1 Ra6 18. Bd3 Rb6 19. Bd2 Rb7 20. b4 axb4 21. Bxb4 Re8 22. Qc3 Ra7 23. Bc5 Ra8 24. Rb1 Qc7 25. Rec1 Nd7 26. Nxd7 Qxd7 27. Rb6 e5 28. Bf1 e4 29. Rcb1 h5 30. h3 Bh6 31. Rb7 Qf5 32. Bc4 e3 33. f3 e2 34. Re1 Re3 35. Qc1 Rxf3 36. Qxh6 Rf1+ 37. Kh2 Rxe1 38. Bxd5 cxd5 39. Bd6 Rh1+ 0-1


[Site "https://www.chess.com"]

[Event "Titled Tuesday Blitz January 17 Late 2023"]
[White "Svane, Frederik"]
[Black "Nazari, Arad"]
[WhiteFideId "12923044"]
[BlackFideId "12577324"]
[WhiteElo "2600"]
[BlackElo "2367"]
[Result "1-0"]
[Round "09"]
[TimeControl "180+2"]
[Date "2023.01.17"]
[WhiteClock "0:00:06"]
[BlackClock "0:00:03"]

1. e4 c5 2. Nf3 d6 3. Bb5+ Nd7 4. d4 cxd4 5. Qxd4 a6 6. Bxd7+ Bxd7 7. Nc3 e6 8. Bg5 Nf6 9. O-O-O Be7 10. e5 dxe5 11. Nxe5 Bc6 12. Nxc6 bxc6 13. Bxf6 Bxf6 14. Qc5 Qc7 15. Ne4 Be7 16. Nd6+ Kf8 17. Rd3 Rd8 18. Rhd1 h5 19. h4 Rh6 20. Qe5 Bxh4 21. Nf5 Bg5+ 22. R1d2 Rxd3 23. Qxg7+ Ke8 24. Qg8+ Kd7 25. Qxg5 Rxd2 26. Qxd2+ Ke8 27. Nxh6 Qh2 28. Qg5 Qg1+ 29. Kd2 Qxf2+ 30. Kc3 c5 31. Kb3 Kd7 32. c3 c4+ 33. Kxc4 Qxb2 34. Nxf7 Qxa2+ 35. Kd3 Qb1+ 36. Ke2 Qc2+ 37. Qd2+ Qxd2+ 38. Kxd2 Ke7 39. Ne5 Kf6 40. Nf3 Kf5 41. c4 Ke4 42. Kc3 a5 43. Ng5+ Ke5 44. Nf3+ Ke4 45. Nd2+ Ke5 46. Nb3 a4 47. Nd4 a3 48. Nf3+ Kf4 49. Kb3 Kg3 50. c5 Kxg2 51. c6 Kxf3 52. c7 h4 53. c8=Q h3 54. Qxe6 h2 55. Qd5+ 1-0


[Site "https://www.chess.com"]

[Event "Titled Tuesday Blitz January 17 Late 2023"]
[White "Iliaguev, Nisim"]
[Black "Remizov, Yaroslav"]
[WhiteFideId "2817276"]
[BlackFideId "34134015"]
[WhiteElo "2402"]
[BlackElo "2421"]
[Result "0-1"]
[Round "09"]
[TimeControl "180+2"]
[Date "2023.01.17"]
[WhiteClock "0:00:19"]
[BlackClock "0:00:10"]

1. d4 d5 2. Nf3 Nf6 3. g3 Bf5 4. Bg2 c6 5. O-O h6 6. c4 e6 7. Nc3 Nbd7 8. Nd2 Be7 9. e4 dxe4 10. Ndxe4 O-O 11. Qb3 Nxe4 12. Nxe4 Qb6 13. Qxb6 axb6 14. a3 Rfd8 15. Be3 Nf6 16. Nc3 Bd3 17. Rfd1 Bxc4 18. d5 cxd5 19. Bxb6 Rdc8 20. Bd4 Nd7 21. h4 Nc5 22. Rab1 Nb3 23. Be3 Bf6 24. Bf4 Bxc3 25. bxc3 Rxa3 26. h5 Rca8 27. Rb2 Ra2 28. Rdb1 Rxb2 29. Rxb2 b5 30. g4 Nc5 31. Be3 Nd3 32. Rd2 Ne1 33. Bh1 Ra1 34. Kh2 Nd3 35. g5 hxg5 36. Bxg5 f6 37. Be3 Kf7 38. Bf3 Ne5 39. Bd1 Ra3 40. h6 gxh6 41. Bd4 Nc6 42. Bh5+ Kg7 43. Bc5 Ra2 44. Rd1 f5 45. Rg1+ Kf6 46. Bd6 Ne5 47. Rg2 Ng4+ 48. Bxg4 fxg4 49. Kg3 Kf5 50. Rg1 Rc2 51. Re1 Rxc3+ 52. Kg2 Bd3 53. Re5+ Kf6 54. Rh5 Be4+ 55. Kh2 Kg6 56. Rh4 h5 57. Be5 Rf3 58. Bg3 b4 59. Kg1 b3 60. Be5 Rd3 61. Kf1 Rd2 62. Ke1 b2 63. Bxb2 Rxb2 64. Rh2 g3 65. Rh4 gxf2+ 66. Kf1 Bd3+ 0-1


[Site "https://www.chess.com"]

[Event "Titled Tuesday Blitz January 17 Late 2023"]
[White "Bjelobrk, Igor"]
[Black "Mikaelyan, Arman"]
[WhiteFideId "4300726"]
[BlackFideId "13304852"]
[WhiteElo "2403"]
[BlackElo "2523"]
[Result "1-0"]
[Round "09"]
[TimeControl "180+2"]
[Date "2023.01.17"]
[WhiteClock "0:00:17"]
[BlackClock "0:00:01"]

1. Nf3 Nf6 2. c4 g6 3. Nc3 Bg7 4. e4 d6 5. d4 O-O 6. Be2 Nbd7 7. Be3 e5 8. d5 Ng4 9. Bd2 f5 10. Ng5 Ndf6 11. h3 Nh6 12. Qc2 Nf7 13. Ne6 Bxe6 14. dxe6 Nh6 15. Bxh6 Bxh6 16. exf5 gxf5 17. Qxf5 Qe7 18. O-O Rae8 19. Nd5 Qg7 20. Bh5 Nxh5 21. Qxh5 Rxe6 22. Rae1 Rg6 23. g3 Rg5 24. Qh4 Kh8 25. Kg2 Qf7 26. f4 Rf5 27. Qxh6 Rh5 28. Qf6+ Qxf6 29. Nxf6 Rxf6 30. fxe5 Rxf1 31. Kxf1 dxe5 32. Kg2 Rf5 33. g4 Rf4 34. b3 e4 35. Kg3 Rf3+ 36. Kg2 Rf4 37. Re3 Kg7 38. Kg3 Rf1 39. Rxe4 Rg1+ 40. Kh4 Kf7 41. Rf4+ Kg7 42. Re4 Kf7 43. Rf4+ Ke7 44. g5 Rg2 45. a4 Rb2 46. Rf3 c6 47. Kh5 Rg2 48. Kh6 Ke6 49. h4 Rg4 50. Rh3 Kf7 51. Kxh7 Rf4 52. h5 Ke6 53. g6 1-0


[Site "https://www.chess.com"]

[Event "Titled Tuesday Blitz January 17 Late 2023"]
[White "Injac, Teodora"]
[Black "Quispe Arteaga, Gabriel"]
[WhiteFideId "932400"]
[BlackFideId "32059809"]
[WhiteElo "2391"]
[BlackElo "2381"]
[Result "1/2-1/2"]
[Round "09"]
[TimeControl "180+2"]
[Date "2023.01.17"]
[WhiteClock "0:00:07"]
[BlackClock "0:00:04"]

1. d4 Nf6 2. c4 e6 3. Nf3 Bb4+ 4. Bd2 Be7 5. Nc3 d5 6. Bf4 O-O 7. e3 Nh5 8. Be5 f6 9. Bg3 c6 10. Bd3 g6 11. Qc2 f5 12. Ne5 Nd7 13. Bf4 Nxf4 14. exf4 Nxe5 15. dxe5 Bd7 16. O-O Qe8 17. Rad1 d4 18. Ne2 c5 19. Nc1 h6 20. Be2 Rd8 21. Bf3 b6 22. Nd3 Qf7 23. g3 Qg7 24. a3 a5 25. Rfe1 g5 26. Rb1 Rc8 27. Qe2 b5 28. b3 a4 29. cxb5 axb3 30. fxg5 hxg5 31. Nb2 c4 32. Nxc4 Bxb5 33. Rec1 Bxa3 34. Rxb3 Bxc1 35. Rxb5 g4 36. Bb7 Rc7 37. Nd6 Ba3 38. Kg2 Bxd6 39. exd6 Rxb7 40. Qxe6+ Rbf7 41. Rxf5 d3 42. Qd5 d2 43. Rxf7 Qxf7 44. Qxd2 Qf3+ 45. Kg1 Ra8 46. Qg5+ Kf7 47. Qh5+ Ke6 48. Qg6+ Kd7 49. Qg7+ Kxd6 50. Qd4+ Qd5 51. Qf6+ Kc5 52. Qc3+ Kb6 53. Qb4+ Kc7 54. Qc3+ Qc6 55. Qg7+ Kb8 56. Qh8+ Ka7 57. Qa1+ Kb6 58. Qb2+ Qb5 59. Qd4+ Qc5 60. Qf6+ Kb7 61. Qg7+ Qc7 62. Qb2+ Qb6 63. Qg7+ Ka6 64. Qa1+ Kb7 65. Qg7+ Kc8 66. Qh8+ Qd8 67. Qc3+ Qc7 68. Qh8+ Kb7 69. Qb2+ Ka6 70. Qf6+ Kb5 71. Qb2+ Kc6 72. Qc3+ Kb7 73. Qb2+ 1/2-1/2


[Site "https://www.chess.com"]

[Event "Titled Tuesday Blitz January 17 Late 2023"]
[White "Solon, Nathan"]
[Black "Bikuzhin, Maksim"]
[WhiteFideId "2017229"]
[BlackFideId "24128015"]
[WhiteElo "2306"]
[BlackElo "2279"]
[Result "1-0"]
[Round "09"]
[TimeControl "180+2"]
[Date "2023.01.17"]
[WhiteClock "0:00:38"]
[BlackClock "0:00:14"]

1. Nf3 Nf6 2. g3 d6 3. Bg2 Nbd7 4. O-O c6 5. c4 e5 6. Nc3 Be7 7. d4 O-O 8. e4 a6 9. a4 a5 10. h3 Qc7 11. Re1 Re8 12. d5 Nc5 13. Bf1 Bd7 14. Nd2 Bf8 15. Nb3 Na6 16. Be3 c5 17. Nd2 Rad8 18. b3 Qc8 19. Kh2 h6 20. Bg2 Nh7 21. f4 exf4 22. gxf4 g6 23. Nf3 Bg7 24. Qd2 Qb8 25. Re2 Nb4 26. Rg1 f5 27. e5 dxe5 28. fxe5 Rxe5 29. Bf4 Rxe2 30. Nxe2 Qc8 31. Bxh6 Be8 32. Bf1 Qc7+ 33. Kh1 Nf8 34. Bxg7 Kxg7 35. Nf4 Kh8 36. Ng5 Qe5 37. Nge6 Qd6 38. Nxg6+ 1-0


[Site "https://www.chess.com"]